 Dungeon Crawl Stone Soup version 0.28-a0-909-g796cbd3a86 (webtiles) character file.

Game seed: 6902015438614156843

112 Turgor the Skirmisher (level 4, -5/41 HPs)
             Began as a Gnoll Wanderer on Nov 24, 2021.
             Killed from afar by Blork the orc (11 damage)
             ... with a puff of frost
             ... on level 4 of the Dungeon.
             The game lasted 00:16:40 (2721 turns).

Turgor the Skirmisher (Gnoll Wanderer)              Turns: 2721, Time: 00:16:40

Health: -5/41      AC:  7    Str: 14    XL:     4   Next: 93%
Magic:  5/5        EV:  9    Int: 10    God:
Gold:   130        SH:  5    Dex: 11    Spells: 4/5 levels left

rFire   . . .      SeeInvis .   a - +2 mace
rCold   . . .      Faith    .   c - +0 buckler
rNeg    . . .      Spirit   .   p - +0 scale mail
rPois   .          Reflect  .   (no helmet)
rElec   .          Harm     .   m - scarf {shadows}
rCorr   .          Rampage  .   (no gloves)
Will    .....                   (no boots)
Stlth   ..........              (no amulet)
HPRegen 0.13/turn               (no ring)
MPRegen 0.09/turn               (no ring)

@: no status effects
A: fangs 1, strong nose, distributed training
a: no special abilities


You were on level 4 of the Dungeon.
You visited 1 branch of the dungeon, and saw 4 of its levels.

You collected 130 gold pieces.

Inventory:

Hand Weapons
 a - a +2 mace (weapon)
 b - a +0 hand axe
 d - a +2 dagger of draining
 e - a +0 halberd
 n - a +0 spear
Missiles
 f - 104 bolts
 g - 23 arrows
 i - 56 sling bullets
 l - 5 silver boomerangs (quivered)
 r - a boomerang of dispersal
Armour
 c - a +0 buckler (worn)
 m - a scarf of shadows (worn)
 o - a +0 kite shield
 p - a +0 scale mail (worn)
Wands
 v - a wand of iceblast (5)
Scrolls
 h - a scroll of fog {unknown}
 j - 2 scrolls of identify
 k - a scroll of blinking {unknown}
 s - a scroll of enchant weapon {unknown}
 t - a scroll of magic mapping {unknown}


   Skills:
 + Level 6.6 Fighting
 + Level 1.2 Short Blades
 + Level 1.2 Long Blades
 + Level 1.2 Axes
 + Level 4.7 Maces & Flails
 + Level 1.2 Polearms
 + Level 1.2 Staves
 + Level 1.2 Slings
 + Level 2.8 Bows
 + Level 1.2 Crossbows
 + Level 1.2 Throwing
 + Level 4.7 Armour
 + Level 1.2 Dodging
 + Level 1.2 Stealth
 + Level 4.7 Shields
 + Level 1.2 Unarmed Combat
 + Level 1.2 Spellcasting
 + Level 1.0 Conjurations
 + Level 1.0 Hexes
 + Level 1.0 Summonings
 + Level 1.0 Necromancy
 + Level 1.0 Translocations
 + Level 1.0 Transmutations
 + Level 1.0 Fire Magic
 + Level 1.0 Ice Magic
 + Level 1.0 Air Magic
 + Level 1.0 Earth Magic
 + Level 1.0 Poison Magic
 + Level 1.4 Invocations
 + Level 1.2 Evocations


You had 4 spell levels left.
You knew the following spells:

 Your Spells              Type           Power      Damage    Failure   Level
a - Apportation           Tloc           4%         N/A       63%         1

Your spell library contained the following spells:

 Spells                   Type           Power      Damage    Failure   Level
 Alistair's Intoxication  Tmut/Pois      1%         N/A       100%        5


Dungeon Overview and Level Annotations

Branches:
Dungeon (4/15)
 Temple: D:4-7

Altars:

Annotations:
D:4 Blork the orc


Innate Abilities, Weirdness & Mutations

You have very sharp teeth.
Your uncanny sense of smell can sniff out nearby items.
Your experience applies equally to all skills.


Message History

You hit Blork the orc.
Blork the orc is moderately wounded.
Blork the orc hits you but does no damage.
Blork the orc hits you with a +0 dire flail.
You barely miss Blork the orc.
You bite Blork the orc, but do no damage.
Blork the orc is moderately wounded.
Blork the orc misses you. Blork the orc barely misses you.
You closely miss Blork the orc.
Blork the orc is moderately wounded.
Blork the orc hits you with a +0 dire flail!
You hit Blork the orc.
You bite Blork the orc, but do no damage.
Blork the orc is moderately wounded.
Blork the orc barely misses you.
Blork the orc hits you with a +0 dire flail.
You hit Blork the orc.
You bite Blork the orc, but do no damage.
Blork the orc is moderately wounded.
Blork the orc barely misses you.
Blork the orc hits you with a +0 dire flail!
* * * LOW HITPOINT WARNING * * *
You aren't carrying any potions.
Okay, then.
Okay, then.
Unknown command.
There is a stone staircase leading up here.
You hit Blork the orc.
Blork the orc is heavily wounded.
Blork the orc hits you with a +0 dire flail.
* * * LOW HITPOINT WARNING * * *
Blork the orc barely misses you.
You hit Blork the orc.
Blork the orc is severely wounded.
Blork the orc closely misses you. x2
You hit Blork the orc.
Blork the orc is severely wounded.
Blork the orc gestures at you while chanting.
The puff of frost hits you!
You die...

..####
.....#
....#
...o
#..
#.# ∆
#.###
#.o@#
#####


You could see Blork the orc (fast).

Vanquished Creatures
  5 adders
  3 worms
  2 dart slugs
  An orc (D:3)
  2 endoplasms
  A giant cockroach (D:2)
  7 goblins
  4 hobgoblins
  6 jackals (D:3)
  4 ball pythons
  7 bats
  4 frilled lizards
  A jackal skeleton (D:2)
  3 kobolds
  4 rats
54 creatures vanquished.

Notes
Turn   | Place    | Note
-------+----------+-------------------------------------------
     0 | D:1      | Turgor the Gnoll Wanderer began the quest for the Orb.
     0 | D:1      | Turgor set off with the following items: a +2 mace, a +0
                  | hand axe, a +0 buckler, a +0 robe
     0 | D:1      | Reached XP level 1. HP: 23/23 MP: 1/1
   365 | D:1      | Reached XP level 2. HP: 29/29 MP: 2/2
  1040 | D:2      | Reached XP level 3. HP: 31/35 MP: 3/3
  1216 | D:2      | Reached skill level 1 in Invocations
  1590 | D:2      | Reached skill level 1 in Short Blades
  1590 | D:2      | Reached skill level 1 in Long Blades
  1590 | D:2      | Reached skill level 1 in Axes
  1590 | D:2      | Reached skill level 1 in Polearms
  1590 | D:2      | Reached skill level 1 in Staves
  1590 | D:2      | Reached skill level 1 in Slings
  1590 | D:2      | Reached skill level 1 in Crossbows
  1590 | D:2      | Reached skill level 1 in Throwing
  1590 | D:2      | Reached skill level 1 in Dodging
  1590 | D:2      | Reached skill level 1 in Stealth
  1590 | D:2      | Reached skill level 1 in Unarmed Combat
  1590 | D:2      | Reached skill level 1 in Spellcasting
  1590 | D:2      | Reached skill level 1 in Evocations
  1590 | D:2      | Reached XP level 4. HP: 17/41 MP: 5/5
  1899 | D:2      | Found a faded altar of an unknown god.
  2333 | D:3      | Reached skill level 1 in Conjurations
  2333 | D:3      | Reached skill level 1 in Hexes
  2333 | D:3      | Reached skill level 1 in Summonings
  2333 | D:3      | Reached skill level 1 in Necromancy
  2333 | D:3      | Reached skill level 1 in Translocations
  2333 | D:3      | Reached skill level 1 in Transmutations
  2333 | D:3      | Reached skill level 1 in Fire Magic
  2333 | D:3      | Reached skill level 1 in Ice Magic
  2333 | D:3      | Reached skill level 1 in Air Magic
  2333 | D:3      | Reached skill level 1 in Earth Magic
  2333 | D:3      | Reached skill level 1 in Poison Magic
  2366 | D:3      | Noticed a black bear
  2387 | D:3      | Learned a level 1 spell: Apportation
  2702 | D:4      | Noticed Blork the orc
  2721 | D:4      | Killed from afar by Blork the orc

Illustrated notes

Levels and vault maps discovered:
D:1:      heliophobic_arrival_ceremonial_halls, layout_loops_corners
D:2:      layout_basic, chequers_ecumenical_altar_simple_redux
D:3:      layout_loops_cross, minmay_misc_feat_chi
D:4:      layout_basic, minmay_temple_entry_trees, uniq_blork_the_orc,
          uniq_natasha

Skill      XL: |  1  2  3  4 |
---------------+-------------+-----
Invocations    | 1 |  1.4
Short Blades   | 1 |  1.2
Long Blades    | 1 |  1.2
Axes           | 1 |  1.2
Polearms       | 1 |  1.2
Staves         | 1 |  1.2
Slings         | 1 |  1.2
Crossbows      | 1 |  1.2
Throwing       | 1 |  1.2
Dodging        | 1 |  1.2
Stealth        | 1 |  1.2
Unarmed Combat | 1 |  1.2
Spellcasting   | 1 |  1.2
Evocations     | 1 |  1.2
Conjurations   | 1 |  1.0
Hexes          | 1 |  1.0
Summonings     | 1 |  1.0
Necromancy     | 1 |  1.0
Translocations | 1 |  1.0
Transmutations | 1 |  1.0
Fire Magic     | 1 |  1.0
Ice Magic      | 1 |  1.0
Air Magic      | 1 |  1.0
Earth Magic    | 1 |  1.0
Poison Magic   | 1 |  1.0
Fighting       | |  6.6
Maces & Flails | |  4.7
Bows           | |  2.8
Armour         | |  4.7
Shields        | |  4.7

Action                   |  1- 3 |  4- 6 || total
-------------------------+-------+-------++-------
Melee: Mace              |    87 |    92 ||   179
       Bite              |     4 |     8 ||    12
Throw: Boomerang         |       |     3 ||     3
  Use: Scroll            |       |     2 ||     2
       Potion            |       |     2 ||     2
Armor: Robe              |    18 |       ||    18
       Scale mail        |    11 |    46 ||    57
Dodge: Dodged            |    40 |    44 ||    84
Block: Buckler           |    27 |    22 ||    49

Table legend: (Time is in decaauts)
 A = Elapsed time spent in this place.
 B = Non-inter-level travel time spent in this place.
 C = Inter-level travel time spent in this place.
 D = Time resting spent in this place.
 E = Time spent auto-exploring this place.
 F = Levels seen in this place.
 G = Mean time per level.
                   A        B        C        D        E       F      G
               +--------+--------+--------+--------+--------+-----+--------+
         Total |   2752 |   2695 |     57 |    287 |   1667 |   4 |  688.0 |
       Dungeon |   2752 |   2695 |     57 |    287 |   1667 |   4 |  688.0 |
               +--------+--------+--------+--------+--------+-----+--------+

Top non-repeatable levels by time:
     D:2: 1029 daAuts
     D:1: 943 daAuts
     D:3: 755 daAuts
     D:4: 23 daAuts
